 Dungeon Crawl Stone Soup version 0.27-a0-906-g0a00ce863d (webtiles) character file.

Game seed: 18089067456989508238

15492 jestyr24 the Earth Mage (level 12, 0/68 HPs)
             Began as a Gargoyle Earth Elementalist on Apr 8, 2021.
             Was a High Priest of Zin.
             Slain by an eight-headed hydra (2 damage)
             ... on level 12 of the Dungeon.
             The game lasted 01:41:39 (16673 turns).

jestyr24 the Earth Mage (GrEE)                     Turns: 16673, Time: 01:41:41

Health: 0/68       AC: 17    Str: 12    XL:     12   Next: 27%
Magic:  4/27       EV: 12    Int: 21    God:    Zin [*****.]
Gold:   506        SH:  0    Dex: 22    Spells: 16/33 levels left

rFire    + . .     SeeInvis .   D - +4 scimitar (flame)
rCold    + . .     Faith    .   (no shield)
rNeg     + . .     Spirit   .   s - +2 robe {rC+ rF+}
rPois    ∞         Reflect  .   (no helmet)
rElec    +         Harm     .   B - +1 cloak
rCorr    .         Rampage  .   q - +0 pair of gloves
Will     .....                  j - +0 pair of boots
Stlth    +++.......             (no amulet)
HPRegen  0.21/turn              k - +6 ring of dexterity
MPRegen  0.20/turn              x - +6 ring of dexterity

@: no status effects
A: AC +8, negative energy resistance 1, electricity resistance, torment
resistance 1, unbreathing 1, petrification resistance
a: Renounce Religion, Recite, Vitalisation, Imprison, Sanctuary, Donate Gold


You were on level 12 of the Dungeon.
You worshipped Zin.
Zin was extremely pleased with you.
You visited 2 branches of the dungeon, and saw 13 of its levels.

You collected 668 gold pieces.
You spent 96 gold pieces at shops.
You donated 66 gold pieces to Zin.

Inventory:

Hand Weapons
 a - a +0 hand crossbow
 p - a +2 vorpal war axe
 y - a +2 vorpal spear
 D - a +4 scimitar of flaming (weapon)
 L - a +5 short sword
Missiles
 b - 174 stones
 c - 97 bolts
 o - 35 poisoned darts
 A - a throwing net
 J - 5 curare-tipped darts
Armour
 i - a scarf of repulsion
 j - a +0 pair of boots (worn)
 l - a scarf of harm
 q - a +0 pair of gloves (worn)
 s - a +2 robe of resistance (worn)
 B - a +1 cloak (worn)
 M - a +0 buckler
Jewellery
 k - a +6 ring of dexterity (left hand)
 x - a +6 ring of dexterity (right hand)
 H - an amulet of faith
Wands
 F - a wand of flame (26)
 G - a wand of charming (9)
 I - a wand of acid (11)
Scrolls
 f - 4 scrolls of immolation
 m - 3 scrolls of teleportation
 z - a scroll of fear
 C - 3 scrolls of amnesia
 E - a scroll of noise {unknown}
Potions
 d - 3 potions of might
 e - 4 potions of flight
 g - 4 potions of curing
 h - 2 potions of berserk rage
 n - a potion of cancellation {unknown}
 r - 2 potions of brilliance {unknown}
 t - a potion of ambrosia {unknown}
 u - 2 potions of mutation {unknown}
 v - a potion of invisibility {unknown}
 w - a potion of magic {unknown}
 K - a potion of heal wounds {unknown}


   Skills:
 * Level 5.2 Fighting
 - Level 2.8 Maces & Flails
 + Level 2.7 Armour
 - Level 1.7 Dodging
 - Level 2.9 Stealth
 + Level 11.4 Spellcasting
 - Level 0.7 Transmutations
 + Level 15.7 Earth Magic


You had 16 spell levels left.
You knew the following spells:

 Your Spells              Type           Power      Damage    Failure   Level
a - Sandblast             Erth           100%       2d20      0%          1
b - Stone Arrow           Conj/Erth      90%        3d12      1%          3
c - Lee's Rapid Deconstr  Erth           33%        3d18*     1%          5
d - Petrify               Tmut/Erth      46%        N/A       1%          4
e - Blink                 Tloc           N/A        N/A       9%          2
f - Passwall              Tmut/Erth      38%        N/A       1%          2

Your spell library contained the following spells:

 Spells                   Type           Power      Damage    Failure   Level
 Magic Dart               Conj           48%        1d5       5%          1
 Call Imp                 Summ           12%        N/A       9%          2
 Slow                     Hex            12%        N/A       9%          2
 Conjure Flame            Conj/Fire      12%        6-21      17%         3
 Mephitic Cloud           Conj/Pois/Air  12%        N/A       17%         3
 Borgnjor's Revivificati  Necr           6%         N/A       100%        8
 Infestation              Necr           6%         N/A       100%        8
 Necromutation            Tmut/Necr      6%         N/A       100%        8
 Death's Door             Necr           6%         N/A       100%        9


Dungeon Overview and Level Annotations

Branches:
Dungeon (12/15)            Temple (1/1) D:5            Lair (0/6) D:8
    Orc (0/2) D:11

Altars:
Ashenzari
Cheibriados
Dithmenos
Elyvilon
Fedhas
Gozag
Hepliaklqana
Kikubaaqudgha
Makhleb
Nemelex Xobeh
Okawaru
Qazlal
Ru
Sif Muna
Trog
Uskayaw
Vehumet
Wu Jian
Xom
Yredelemnul
Zin
The Shining One

Shops:
D:4 [   D:6 =

Portals:
Trove: D:11 (show abyssal rune of Zot)

Annotations:
D:8 1 runed translucent door, exclusion: 4 orange crystal statues


Innate Abilities, Weirdness & Mutations

Your stone body is resilient. (AC +8)
You are immune to poison.
You resist negative energy. (rN+)
You are resistant to electric shocks. (rElec)
You are resistant to unholy torment.
You can survive without breathing.
You are immune to petrification.


Message History

Confirm with . or Enter, or press ? or * to list all spells.
Aiming: Stone Arrow (safe; 1% risk of failure)
Press: ? - help, Shift-Dir - straight line, f/p - eight-headed hydra
Aim: an eight-headed hydra (moderately wounded, 8% to evade)
The stone arrow hits the eight-headed hydra!!
The eight-headed hydra is heavily wounded.
The eight-headed hydra bites you but does no damage. x2
The eight-headed hydra bites you. The eight-headed hydra bites you!
The eight-headed hydra bites you but does no damage.
The eight-headed hydra barely misses you.
The eight-headed hydra misses you. x2
Casting: Stone Arrow (safe; 1% risk of failure)
Confirm with . or Enter, or press ? or * to list all spells.
Aiming: Stone Arrow (safe; 1% risk of failure)
Press: ? - help, Shift-Dir - straight line, f/p - eight-headed hydra
Aim: an eight-headed hydra (heavily wounded, 8% to evade)
The stone arrow hits the eight-headed hydra!
The eight-headed hydra is severely wounded.
The eight-headed hydra bites you!
The eight-headed hydra bites you but does no damage. x2
The eight-headed hydra barely misses you.
The eight-headed hydra bites you. The eight-headed hydra bites you!
The eight-headed hydra bites you.
* * * LOW HITPOINT WARNING * * *
The eight-headed hydra bites you but does no damage.
Casting: Stone Arrow (safe; 1% risk of failure)
Confirm with . or Enter, or press ? or * to list all spells.
Aiming: Stone Arrow (safe; 1% risk of failure)
Press: ? - help, Shift-Dir - straight line, f/p - eight-headed hydra
Aim: an eight-headed hydra (severely wounded, 8% to evade)
The stone arrow hits the eight-headed hydra!!
The eight-headed hydra is almost dead.
The eight-headed hydra bites you but does no damage.
The eight-headed hydra bites you!
* * * LOW HITPOINT WARNING * * *
The eight-headed hydra closely misses you.
The eight-headed hydra bites you!
* * * LOW HITPOINT WARNING * * *
The eight-headed hydra bites you.
You die...

#######
.....?
#######....#
...........#
...........#
........D^.#
.......@...#
...........#
#######.####
#.# #.# #.#
#.# #.
##≈≈≈≈≈≈≈ #.#
###'##≈≈≈≈≈≈≈
#.#


You could see an eight-headed hydra.

Vanquished Creatures
  A hydra (D:11)
  Erica (D:8)
  3 two-headed ogres
  Sonja (D:10)
  A manticore (D:12)
  Joseph (D:8)
  A centaur zombie (D:11)
  Maurice (D:11)
  A gargoyle (D:11)
  5 trolls
  A hornet (D:8)
  4 slime creatures
  A meliai zombie (D:11)
  2 wraiths
  A vampire (D:9)
  18 yaks
  2 wyverns
  Grum (D:8)
  Menkaure (D:6)
  2 acid dragons
  A water moccasin (D:7)
  3 orc warriors
  An ice beast (D:6)
  An ogre (D:6)
  A necrophage (D:5)
  3 sky beasts
  5 centaurs
  3 wolves (D:8)
  2 gnoll sergeants (D:7)
  3 kobold brigands
  2 scorpions (D:6)
  2 bullfrogs
  A wyvern skeleton (D:7)
  A water moccasin skeleton (D:6)
  3 killer bees (D:7)
  4 wights
  3 howler monkeys
  4 bullfrog zombies
  A gnoll shaman (D:10)
  2 hounds
  A centaur skeleton (D:3)
  2 jellies
  2 bullfrog skeletons (D:5)
  5 orc priests
  A scorpion zombie (D:5)
  6 orc wizards
  3 iguanas
  A killer bee zombie (D:7)
  A hound skeleton (D:5)
  2 howler monkey zombies
  11 gnolls
  4 adders
  A shadow imp (D:5)
  2 white imps (D:6)
  An adder skeleton (D:4)
  2 worms
  2 dart slugs
  17 orcs
  7 endoplasms
  2 giant cockroaches (D:1)
  12 goblins
  17 hobgoblins
  4 jackals (D:4)
  2 quokkas
  6 ball pythons
  3 bats
  2 frilled lizards (D:1)
  34 kobolds
  7 rats
255 creatures vanquished.

Vanquished Creatures (others)
  52 plants
52 creatures vanquished.

Grand Total: 307 creatures vanquished

Notes
Turn   | Place    | Note
-------+----------+-------------------------------------------
     0 | D:1      | jestyr24 the Gargoyle Earth Elementalist began the quest
                  | for the Orb.
     0 | D:1      | Reached XP level 1. HP: 10/10 MP: 3/3
   405 | D:1      | Reached XP level 2. HP: 13/16 MP: 5/5
   566 | D:1      | Reached skill level 4 in Earth Magic
  1155 | D:1      | Reached XP level 3. HP: 20/20 MP: 6/6
  1867 | D:3      | Reached skill level 1 in Maces & Flails
  2009 | D:3      | Found a faded altar of an unknown god.
  2014 | D:3      | Became a worshipper of Zin the Law-Giver
  2014 | D:3      | Reached * piety under Zin
  2202 | D:3      | Reached ** piety under Zin
  2212 | D:3      | Reached skill level 1 in Fighting
  2212 | D:3      | Reached XP level 4. HP: 15/25 MP: 4/8
  2923 | D:4      | Found Eczihady's Antique Armour Shoppe.
  2936 | D:4      | Reached skill level 1 in Armour
  2936 | D:4      | Reached XP level 5. HP: 20/29 MP: 9/9
  3041 | D:4      | Reached skill level 5 in Earth Magic
  3114 | D:4      | Bought a runed robe for 96 gold pieces
  3174 | D:4      | Found a glowing golden altar of the Shining One.
  3238 | D:4      | Reached XP level 6. HP: 35/35 MP: 7/11
  3481 | D:4      | Reached *** piety under Zin
  3496 | D:4      | Found a shimmering blue altar of Sif Muna.
  3497 | D:4      | Found an opulent altar of Gozag.
  3546 | D:4      | Found a sacrificial altar of Ru.
  3794 | D:4      | Found an ancient bone altar of Kikubaaqudgha.
  3907 | D:5      | Entered Level 5 of the Dungeon
  4224 | D:5      | Reached **** piety under Zin
  4272 | D:5      | Noticed a necrophage
  4281 | D:5      | Killed a necrophage
  4282 | D:5      | Reached XP level 7. HP: 40/40 MP: 6/12
  4657 | D:5      | Reached skill level 6 in Earth Magic
  4857 | D:5      | Found a stormy altar of Qazlal.
  4927 | D:5      | Learned a level 3 spell: Stone Arrow
  4929 | D:5      | Found a staircase to the Ecumenical Temple.
  4938 | Temple   | Entered the Ecumenical Temple
  5789 | D:5      | Reached skill level 7 in Earth Magic
  5800 | D:5      | Reached XP level 8. HP: 21/45 MP: 0/14
  6323 | D:6      | Noticed Menkaure
  6329 | D:6      | Killed Menkaure
  6330 | D:6      | Reached skill level 8 in Earth Magic
  6655 | D:6      | Reached skill level 9 in Earth Magic
  6852 | D:6      | Reached ***** piety under Zin
  6879 | D:6      | Reached skill level 10 in Earth Magic
  7191 | D:6      | Found Gumm's Jewellery Boutique.
  7483 | D:7      | Reached XP level 9. HP: 49/49 MP: 4/15
  7602 | D:7      | Reached skill level 11 in Earth Magic
  7740 | D:6      | Learned a level 5 spell: Lee's Rapid Deconstruction
  8457 | D:7      | Reached skill level 5 in Spellcasting
  8474 | D:7      | Reached skill level 12 in Earth Magic
  8847 | D:8      | Noticed a two-headed ogre
  8850 | D:8      | Killed a two-headed ogre
  8966 | D:8      | Found a staircase to the Lair.
  9001 | D:8      | Noticed Joseph
  9008 | D:8      | Killed Joseph
  9009 | D:8      | Reached XP level 10. HP: 51/54 MP: 3/20
  9138 | D:8      | Noticed a two-headed ogre
  9147 | D:8      | Killed a two-headed ogre
  9148 | D:8      | Reached skill level 13 in Earth Magic
  9469 | D:8      | Noticed Erica
  9480 | D:8      | Killed Erica
  9692 | D:8      | Found the +10 tower shield of Ignorance {rN+ Int-4}
  9697 | D:8      | Found a runed translucent door.
  9704 | D:8      | Noticed an orange crystal statue
  9704 | D:8      | Noticed an orange crystal statue
  9704 | D:8      | Noticed an orange crystal statue
  9704 | D:8      | Noticed an orange crystal statue
  9838 | D:8      | Found a runed translucent door.
 10385 | D:8      | Reached skill level 14 in Earth Magic
 10397 | D:8      | Noticed Grum
 10402 | D:8      | Killed Grum
 10567 | D:8      | Reached XP level 11. HP: 55/59 MP: 14/24
 10893 | D:9      | Noticed a two-headed ogre
 10901 | D:9      | Killed a two-headed ogre
 11135 | D:10     | Entered Level 10 of the Dungeon
 12216 | D:9      | Found a snail-covered altar of Cheibriados.
 12337 | D:10     | Learned a level 4 spell: Petrify
 12340 | D:10     | Learned a level 2 spell: Blink
 12483 | D:10     | Reached skill level 10 in Spellcasting
 12484 | D:10     | Reached skill level 15 in Earth Magic
 12720 | D:9      | Learned a level 2 spell: Passwall
 13376 | D:10     | Noticed Sonja
 13384 | D:10     | Killed Sonja
 13745 | D:10     | Found a sparkling altar of Nemelex Xobeh.
 14308 | D:11     | Found a staircase to the Orcish Mines.
 14454 | D:11     | Noticed a four-headed hydra
 14508 | D:11     | Killed a one-headed hydra
 14863 | D:11     | Found a portal to a secret trove of treasure.
 15129 | D:11     | Noticed Maurice
 15140 | D:11     | Paralysed by Maurice for 3 turns
 15233 | D:11     | Paralysed by Maurice for 6 turns
 15299 | D:11     | Killed Maurice
 15300 | D:11     | Reached XP level 12. HP: 67/67 MP: 13/27
 15478 | D:11     | Found a shadowy altar of Dithmenos.
 15941 | D:12     | Reached skill level 5 in Fighting
 16665 | D:12     | Noticed an eight-headed hydra
 16673 | D:12     | HP: 2/68 [eight-headed hydra (8)]
 16673 | D:12     | Slain by an eight-headed hydra

Illustrated notes

Levels and vault maps discovered:
D:1:      dpeg_arrival_morbid_curiosity, layout_basic
D:2:      layout_rooms
D:3:      layout_basic, ebering_ecumenical_altar_hall
D:4:      layout_cave_pools, lemuel_coloured_pillars_altar, old_standard_altar,
          tso_metal_star, jmf_multi_god_temple, serial_shops,
          nicolae_shop_crystal, serial_bayou, serial_bayou_pond_a,
          serial_bayou_pond_e, serial_bayou_pond_a, serial_bayou_shore_a,
          minmay_goblin_kobold_house
D:5:      kennysheep_kobold_camp, layout_basic, minmay_temple_entry_poolview,
          corner_web_ring, kennysheep_flooded_box
D:6:      layout_cave_pools, serial_shops, shop, uniq_menkaure
D:7:      layout_rooms
D:8:      layout_loops_cross, lair_entry_dummy, enter_bailey_4,
          grunt_decor_one_mirror, minivault_11,
          chequers_guarded_unrand_ignorance, uniq_joseph, uniq_erica, uniq_grum
D:9:      layout_basic, slow_altar_2
D:10:     layout_stronghold, overflow_temple_1_default, serial_column_ruins,
          column_ruins_grid_4, column_ruins_grid_4,
          column_ruins_columns_straight, column_ruins_grid_4,
          column_ruins_grid_3, column_ruins_open_large, uniq_sonja
D:11:     layout_long_grid, orc_0_dummy, enter_trove_2,
          nicolae_dithmenos_through_a_glass_darkly, uniq_maurice
D:12:     layout_basic, kennysheep_generic_room_4
Temple:   regret_index_temple_generic_petals

Skill      XL: |  1  2  3  4  5  6  7  8  9 10 11 12 |
---------------+-------------------------------------+-----
Earth Magic    | 4 5 7 10 12 14 15 | 15.7
Maces & Flails | 1 2 |  2.8
Fighting       | 1 2 4 5 |  5.2
Armour         | 1 2 |  2.7
Spellcasting   | 3 4 7 9 11 | 11.4
Dodging        | |  1.7
Stealth        | |  2.9
Transmutations | |  0.7

Action                   |  1- 3 |  4- 6 |  7- 9 | 10-12 || total
-------------------------+-------+-------+-------+-------++-------
Melee: Unarmed           |     6 |       |       |       ||     6
       Mace              |    46 |       |       |       ||    46
       Dagger            |     3 |    37 |     2 |       ||    42
       Short sword       |       |       |    66 |       ||    66
       War axe           |       |       |    13 |     6 ||    19
       Scimitar          |       |       |       |    72 ||    72
 Cast: Sandblast         |    36 |    70 |    51 |    20 ||   177
       Stone Arrow       |       |       |    69 |   110 ||   179
       Lee's Rapid Decon |       |       |    10 |    62 ||    72
       Petrify           |       |       |       |    19 ||    19
  Use: Scroll            |       |       |     7 |     7 ||    14
 Stab: Sleeping          |     2 |       |       |       ||     2
       Petrified         |       |       |       |    31 ||    31
       Petrifying        |       |       |       |     4 ||     4
Armor: Robe              |    24 |    13 |    42 |    63 ||   142
Dodge: Dodged            |    54 |    44 |    88 |    84 ||   270
       Repelled          |       |     1 |     1 |     3 ||     5
       Rpst.: Scimitar   |       |       |       |     8 ||     8

Table legend: (Time is in decaauts)
 A = Elapsed time spent in this place.
 B = Non-inter-level travel time spent in this place.
 C = Inter-level travel time spent in this place.
 D = Time resting spent in this place.
 E = Time spent auto-exploring this place.
 F = Levels seen in this place.
 G = Mean time per level.
                   A        B        C        D        E       F      G
               +--------+--------+--------+--------+--------+-----+--------+
         Total |  16767 |  16272 |    495 |   6166 |   6794 |  13 | 1289.8 |
       Dungeon |  16543 |  16073 |    470 |   6166 |   6612 |  12 | 1378.6 |
        Temple |    224 |    199 |     25 |      0 |    182 |   1 |  224.0 |
               +--------+--------+--------+--------+--------+-----+--------+

Top non-repeatable levels by time:
     D:8: 1986 daAuts
    D:10: 1986 daAuts
     D:5: 1947 daAuts
     D:9: 1534 daAuts
     D:4: 1438 daAuts
    D:11: 1430 daAuts
     D:1: 1424 daAuts
     D:6: 1364 daAuts
     D:7: 1114 daAuts
    D:12: 937 daAuts
     D:3: 919 daAuts
     D:2: 457 daAuts
  Temple: 224 daAuts
